 Dungeon Crawl Stone Soup version 0.18.1-48-g4cf74bf (console) character file.

144 Kloppie the Skirmisher (level 5, -3/42 HPs)
             Began as a Human Fighter on July 29, 2016.
             Killed from afar by an orc wizard (6 damage)
             ... with a puff of frost
             ... on level 3 of the Dungeon.
             The game lasted 00:02:59 (1904 turns).

Kloppie the Skirmisher (Human Fighter)              Turns: 1904, Time: 00:03:00

Health: -3/42      AC: 11    Str: 16    XL:     5   Next: 52%
Magic:  5/5        EV:  7    Int:  8    God:
Gold:   144        SH:  9    Dex: 14    Spells: 0 memorised, 4 levels left

rFire  . . .     SeeInvis .     a - +0 flail
rCold  . . .     Gourm    .     b - +0 scale mail
rNeg   . . .     Faith    .     c - +0 shield
rPois  .         Spirit   .     l - +2 helmet
rElec  .         Dismiss  .     (no cloak)
rCorr  .         Reflect  .     q - +0 pair of gloves
SustAt .         Harm     .     (no boots)
MR     .....                    (no amulet)
Stlth  ..........               (no ring)
                                (no ring)

@: not resistant to hostile enchantments, extremely unstealthy
A: no striking features
a: no special abilities


You were on level 3 of the Dungeon.
You were not hungry.

You visited 1 branch of the dungeon, and saw 3 of its levels.

You collected 144 gold pieces.

Inventory:

Hand Weapons
 a - a +0 flail (weapon)
Armour
 b - a +0 scale mail (worn)
 c - a +0 shield (worn)
 l - a +2 helmet (worn)
 q - a +0 pair of gloves (worn)
Jewellery
 d - a cursed ring of teleportation {unknown}
 n - a cursed -3 ring of protection {unknown}
Scrolls
 e - 2 scrolls of identify {unknown}
 i - a scroll of teleportation {unknown}
 j - a scroll of fog {unknown}
 m - a scroll of blinking {unknown}
 o - a scroll of remove curse {unknown}
Potions
 k - a potion of flight {unknown}
 p - a potion of brilliance {unknown}
 r - a potion of invisibility {unknown}
 s - a potion of lignification {unknown}
Comestibles
 f - 3 bread rations
 g - a royal jelly
 h - a meat ration
 t - a beef jerky


   Skills:
 + Level 4.0 Fighting
 + Level 3.6 Maces & Flails
 - Level 3.0 Armour
 + Level 4.0 Shields


You had 4 spell levels left.
You didn't know any spells.

Dungeon Overview and Level Annotations

Branches:
Dungeon (3/15)

Altars:
Okawaru


Message History

You hit the orc wizard.
The orc wizard is lightly wounded.
The orc wizard gestures at you while chanting.
The puff of frost hits you!
* * * LOW HITPOINT WARNING * * *
Drink which item? (? for menu, Esc to quit)
Okay, then.
You hit the orc wizard but do no damage.
The orc wizard is lightly wounded.
The orc wizard hits you but does no damage.
You barely miss the orc wizard.
The orc wizard is lightly wounded.
The orc wizard hits you with a dagger.
* * * LOW HITPOINT WARNING * * *
You block the orc wizard's attack.
You barely miss the orc wizard.
The orc wizard is lightly wounded.
The orc wizard gestures at you while chanting.
The puff of frost hits you!
You die...

#####.# ### ..##.#
#... #.##.#
##....#.##.#
...._oog...#######
#.#.!..###g...>..#
##... #.#####.# ####
## ...## #.#####.#
#.. .# ###.
#oo@.##.# #.# .# #
#.##.##.####.####.#
#.##............#.#
#.......####.##.#.#
############.##.#.##
........)..#
.######.##.# #....#
###..#.#


You could see an orc wizard and an orc.

Vanquished Creatures
  An orc priest (D:3)
  Robin (D:2)
  3 adders (D:2)
  3 worms (D:2)
  5 giant geckos
  An orc (D:3)
  5 bats
  A giant cockroach (D:1)
  16 goblins
  10 hobgoblins
  4 jackals (D:2)
  4 kobolds
  5 rats
59 creatures vanquished.

Notes
Turn   | Place    | Note
--------------------------------------------------------------
     0 | D:1      | Kloppie the Human Fighter began the quest for the Orb.
     0 | D:1      | Reached XP level 1. HP: 18/18 MP: 1/1
    44 | D:1      | Reached XP level 2. HP: 18/24 MP: 2/2
   322 | D:1      | Reached XP level 3. HP: 29/29 MP: 3/3
   774 | D:2      | Reached XP level 4. HP: 36/36 MP: 4/4
   928 | D:2      | Noticed Robin
   956 | D:2      | Killed Robin
  1359 | D:2      | Reached XP level 5. HP: 42/42 MP: 5/5
  1868 | D:3      | Found an iron altar of Okawaru.
  1904 | D:3      | Killed from afar by an orc wizard

Skill      XL: |  1  2  3  4  5 |
---------------+----------------+-----
Maces & Flails | 3 |  3.6
Fighting       | 4 |  4.0
Shields        | 4 |  4.0
Armour         | |  3.0

Action                   |  1- 3 |  4- 6 || total
-------------------------+-------+-------++-------
Melee: Flail             |   107 |   135 ||   242
  Use: Potion            |       |     1 ||     1
  Eat: Chunk             |       |     4 ||     4
Armor: Scale mail        |    63 |    62 ||   125
Dodge: Dodged            |    32 |    33 ||    65
Block: Shield            |    54 |    48 ||   102
